 Dungeon Crawl Stone Soup version 0.27.0-1-g7a089689b8 (webtiles) character file.

Game seed: 13460150459128637003

248 kobby the Skirmisher (level 5, 0/42 HPs)
             Began as a Demonspawn Fighter on Aug 13, 2021.
             Slain by a quokka (4 damage)
             ... on level 3 of the Dungeon.
             The game lasted 00:04:12 (2657 turns).

kobby the Skirmisher (Demonspawn Fighter)           Turns: 2657, Time: 00:04:12

Health: 0/42       AC: -5    Str: 17    XL:     5   Next: 86%
Magic:  5/5        EV:  5    Int: 11    God:
Gold:   90         SH:  9    Dex: 13    Spells: 4/4 levels left

rFire    . . .     SeeInvis .   a - +0 war axe (vorpal)
rCold    . . .     Faith    .   c - +0 kite shield
rNeg     . . .     Spirit   .   h - +0 chain mail
rPois    .         Reflect  .   (no helmet)
rElec    .         Harm     .   (no cloak)
rCorr    .         Rampage  .   f - +0 pair of gloves
Will     .....                  (no boots)
Stlth    ..........             (no amulet)
HPRegen  0.14/turn              (no ring)
MPRegen  0.09/turn              (no ring)

@: corroded
A: hooves 1, spiny 1, big brain 1
a: no special abilities


You were on level 3 of the Dungeon.
You visited 1 branch of the dungeon, and saw 3 of its levels.

You collected 90 gold pieces.

Inventory:

Hand Weapons
 a - a +0 vorpal war axe (weapon)
Armour
 b - a +0 scale mail
 c - a +0 kite shield (worn)
 f - a +0 pair of gloves (worn)
 h - a +0 chain mail (worn)
Scrolls
 d - a scroll of blinking {unknown}
 e - a scroll of magic mapping
Potions
 g - a potion of brilliance {unknown}
 k - a potion of resistance


   Skills:
 + Level 3.9 Fighting
 + Level 3.3 Axes
 + Level 3.7 Armour
 + Level 1.2 Dodging
 + Level 3.4 Shields


You had 4 spell levels left.
You didn't know any spells.
Your spell library was empty.

Dungeon Overview and Level Annotations

Branches:
Dungeon (3/15)

Altars:


Innate Abilities, Weirdness & Mutations

You have large cloven feet.
You are partially covered in sharp spines.
You have an unusually large brain. (Int +2)


Message History

The giant cockroach bites you but does no damage.
You hit the giant cockroach.
You kill the giant cockroach!
No target in view!
A quokka and a jelly come into view.
The jelly quivers.
The jelly jiggles.
You hit the jelly. The acid corrodes you!
Your hands burn!
The jelly is heavily wounded.
The jelly hits you but does no damage. You block the jelly's attack.
You hit the jelly but do no damage.
Your hands burn!
You kick the jelly.
The jelly is heavily wounded.
The jelly is struck by your spines. The jelly hits you. The acid corrodes you!
You are splashed with acid.
You hit the jelly. The acid corrodes you!
Your hands burn!
You kick the jelly, but do no damage.
The jelly is almost dead.
The jelly hits you. The acid corrodes you!
You are splashed with acid!
You block the jelly's attack.
You are too injured to fight recklessly!
You are too injured to fight recklessly!
You hit the jelly.
Your hands burn!
* * * LOW HITPOINT WARNING * * *
The jelly is almost dead.
You block the jelly's attack.
You hit the jelly but do no damage.
Your hands burn!
* * * LOW HITPOINT WARNING * * *
Your kick misses the jelly.
The jelly is almost dead.
The jelly is struck by your spines.
You kill the jelly!
The quokka bites you.
* * * LOW HITPOINT WARNING * * *
You closely miss the quokka. You kick the quokka, but do no damage.
You block the quokka's attack. The quokka bites you.
* * * LOW HITPOINT WARNING * * *
You hit the quokka but do no damage. You kick the quokka, but do no damage.
The quokka is struck by your spines. The quokka bites you.
* * * LOW HITPOINT WARNING * * *
The quokka bites you.
You die...

#.# ####.# #..# ##.##
#.# #.# #....###..# #)#
*,* *,*****#.#.......#
#.# *,**
*,,,,,*#....###.## #.#
*,,, ****#.##....###.#
#.#####****
#....#......# #.....#
*###....##############.#
##...........# #.#
###....@.##.* #.#
######r#*,* #.# *.#*,*
#.# *.#*,* #.# *.#*,*
#.# *.#*,* #.#
*******.#*,* ####.#
*,,,,,,..,,* #....#
*,*****,**** #.####


You could see a quokka.

Vanquished Creatures
  A scorpion (D:3)
  A jelly (D:3)
  An orc priest (D:3)
  An orc wizard (D:3)
  3 adders
  2 dart slugs
  7 orcs
  4 bats
  4 endoplasms
  5 giant cockroaches
  A goblin (D:1)
  9 hobgoblins
  5 kobolds
  2 quokkas
  9 ball pythons
  4 frilled lizards
  9 rats
68 creatures vanquished.

Vanquished Creatures (others)
  A fungus (D:2)
1 creature vanquished.

Grand Total: 69 creatures vanquished

Notes
Turn   | Place    | Note
-------+----------+-------------------------------------------
     0 | D:1      | kobby the Demonspawn Fighter began the quest for the Orb.
     0 | D:1      | Reached XP level 1. HP: 18/18 MP: 1/1
   244 | D:1      | Gained mutation: You have an unusually large brain. (Int
                  | +2) [demonic ancestry]
   244 | D:1      | Reached XP level 2. HP: 24/24 MP: 2/2
   974 | D:1      | Reached XP level 3. HP: 29/29 MP: 3/3
  1527 | D:2      | Reached skill level 1 in Dodging
  1961 | D:2      | Gained mutation: You are partially covered in sharp spines.
                  | [demonic ancestry]
  1961 | D:2      | Reached XP level 4. HP: 19/35 MP: 4/4
  2213 | D:3      | Noticed a scorpion
  2222 | D:3      | Killed a scorpion
  2292 | D:3      | Gained mutation: You have large cloven feet. [demonic
                  | ancestry]
  2292 | D:3      | Reached XP level 5. HP: 37/42 MP: 5/5
  2657 | D:3      | Slain by a quokka

Illustrated notes

Levels and vault maps discovered:
D:1:      psy_arrival_spokes, layout_basic
D:2:      layout_basic, minmay_shallow_snake_nest
D:3:      layout_loops_ring, ebering_ecumenical_altar_hall

Skill      XL: |  1  2  3  4  5 |
---------------+----------------+-----
Axes           | 2 3 |  3.3
Shields        | 3 |  3.4
Armour         | 3 |  3.7
Dodging        | 1 |  1.2
Fighting       | |  3.9

Action                   |  1- 3 |  4- 6 || total
-------------------------+-------+-------++-------
Melee: War axe           |   126 |    56 ||   182
       Kick              |       |    13 ||    13
  Use: Potion            |     3 |     1 ||     4
       Scroll            |       |     3 ||     3
Armor: Scale mail        |    30 |       ||    30
       Chain mail        |    52 |    26 ||    78
Dodge: Dodged            |    27 |     9 ||    36
Block: Kite shield       |    71 |    26 ||    97
